 Dungeon Crawl Stone Soup version bcrawl-1.40.3b (webtiles) character file.

Game seed: 12704200994133499508

240054 rumpelstilzz the Cudgeler (level 7, 0/66 HPs)
             Began as a Troll Warper on Feb 7, 2024.
             Was a Believer of Qazlal.
             Slain by a river rat (7 damage)
             ... in a sewer.
             The game lasted 00:10:16 (3738 turns).

rumpelstilzz the Cudgeler (Troll Warper)            Turns: 3738, Time: 00:10:17

Health: 0/66       AC:  7    Str: 20    XL:     7   Next: 60%
Magic:  9/9        EV: 10    Int: 11    God:    Qazlal [**....]
Gold:   100        SH:  3    Dex: 10    Spells: 10/10 levels left

rFire    . . .     GDR:     26% a - +6 club
rCold    . . .     SeeInvis .   (no shield)
rNeg     . . .     Gourm    +   (armour unavailable)
rPois    .         Faith    .   (helmet restricted)
rElec    .         Spirit   .   (no cloak)
rCorr    .         Reflect  .   (gloves unavailable)
MR       .....                  (boots unavailable)
Stlth    +.........             b - amulet of rage
HPRegen  0.61/turn              v - ring of flight
MPRegen  0.11/turn              (no ring)

@: no status effects
A: large, almost no armour, claws 3, fast metabolism 3, gourmand, regeneration
1, AC +7
a: Upheaval, Renounce Religion, Evoke Berserk Rage, Evoke Flight


You were in a sewer.
You worshipped Qazlal.
Qazlal was pleased with you.
You were very full.

You visited 1 branch of the dungeon, and saw 5 of its levels.
You also visited: Sewer.

You collected 250 gold pieces.
You spent 150 gold pieces at shops.

Inventory:

Hand Weapons
 a - a +6 club (weapon)
Missiles
 d - 89 large rocks (quivered)
 f - 2 throwing nets {=f}
 j - 1376 stones
 x - 95 poisoned tomahawks
Jewellery
 b - an amulet of rage (around neck)
 v - a ring of flight (left claw)
Scrolls
 c - 4 scrolls of blinking
 g - 3 scrolls of remove curse
 h - 4 scrolls of teleportation
 i - 4 scrolls of identify
 m - a scroll of fog
 p - a scroll of fear {unknown}
 r - a scroll of enchant armour
 y - a scroll of revelation {unknown}
Potions
 k - 2 potions of agility
 l - 2 potions of flight
 o - a potion of brilliance {unknown}
 q - a potion of might {unknown}
 s - a potion of mutation {unknown}
 t - 3 potions of heal wounds {unknown}
 w - a potion of cancellation {unknown}
Comestibles
 e - 7 rations {!d}
 u - 3 chunks of flesh


   Skills:
 + Level 2.7 Fighting
 + Level 4.5 Maces & Flails
 + Level 2.8 Throwing
 + Level 3.7 Dodging
 + Level 0.5 Stealth
 + Level 2.3 Spellcasting
   Level 3.2 Translocations


You had 10 spell levels left.
You didn't know any spells.
Your spell library contained the following spells:

 Spells                   Type           Power        Failure   Level  Hunger
 Apportation              Tloc           #.....       8%          1    None
 Blink Other              Tloc           #.....       8%          1    None
 Blink                    Tloc           N/A          12%         2    ##.....
 Portal Projectile        Tloc           #.....       22%         3    ####...
 Teleport Other           Tloc           #.......     22%         3    ####...
 Beastly Appendage        Tmut           #.....       28%         1    None
 Magic Dart               Conj           #...         28%         1    None
 Passwall                 Tmut/Erth      #.......     41%         2    ##.....
 Searing Ray              Conj           #.......     41%         2    ##.....
 Sticks to Snakes         Tmut           #.......     41%         2    ##.....
 Iskenderun's Mystic Bla  Conj           #.......     65%         3    ####...
 Spider Form              Tmut/Pois      #..          65%         3    ####...
 Passage of Golubria      Tloc           N/A          91%         5    #######
 Fulminant Prism          Conj/Hex       #.........   96%         4    ######.
 Ice Form                 Ice/Tmut       #.......     96%         4    ######.
 Blade Hands              Tmut           #.........   100%        5    #######
 Irradiate                Conj/Tmut      #.........   100%        5    #######


Dungeon Overview and Level Annotations

Branches:
Dungeon (5/12)
 Temple: D:4-7

Altars:
Elyvilon
Qazlal

Shops:
D:4 ?   D:5 *

Annotations:
D:3 3 runed translucent doors, rumpelstilzz's ghost, amateur TrWr


Innate Abilities, Weirdness & Mutations

You cannot wear most types of armour.
Your thick skin is tough. (AC +7)
You are too large for most types of armour.
You have claws for hands.
Your metabolism is lightning-fast.
You like to eat raw meat.
Your natural rate of healing is unusually fast.


Message History

You hit the river rat.
The river rat is moderately wounded.
You block the adder's attack.
The river rat bites you but does no damage.
You closely miss the river rat.
The river rat is moderately wounded.
You block the adder's attack.
The river rat bites you but does no damage.
The adder bites you but does no damage.
You closely miss the river rat.
The river rat is moderately wounded.
The river rat bites you!
* * * LOW HITPOINT WARNING * * *
The adder barely misses you. The river rat bites you.
* * * LOW HITPOINT WARNING * * *
You hit the river rat but do no damage.
The river rat is moderately wounded.
The adder barely misses you. The adder bites you but does no damage.
The river rat bites you!
You die...

#.....≈≈≈≈≈≈
#.....≈≈≈≈≈≈
#.....≈≈≈≈≈≈
##....≈≈≈≈≈≈
#.†÷..≈≈≈≈≈
##....≈≈≈≈≈
####....≈≈≈≈≈
#∩###..≈≈≈≈≈≈
#@###...≈≈≈≈≈
#Sr#r...≈≈≈≈r
##Srrr..≈≈≈r≈
#rrr...≈≈≈≈r
##r....≈≈≈≈≈
##.......≈≈.
##.......≈≈≈.
##........≈r≈≈
#..#......≈≈≈≈


You could see 2 adders, 2 river rats and 5 rats.

Vanquished Creatures
  Sigmund (D:2)
  A centaur (D:5)
  2 scorpions
  An orc priest (D:3)
  2 crimson imps (D:4)
  A hound (D:4)
  A bullfrog skeleton (D:5)
  2 orc wizards (D:3)
  Jessica (D:2)
  An iguana (D:5)
  A howler monkey skeleton (D:4)
  4 adders
  3 river rats (Sewer)
  2 oozes (D:3)
  An adder skeleton (D:3)
  4 worms
  5 dart slugs
  4 leopard geckos
  8 orcs
  5 ball pythons
  2 giant cockroaches
  4 goblins
  4 hobgoblins
  16 jackals
  10 quokkas
  7 bats
  A frilled lizard (Sewer)
  8 kobolds
  10 rats
112 creatures vanquished.

Vanquished Creatures (others)
  2 fungi (D:3)
  2 plants (D:3)
4 creatures vanquished.

Grand Total: 116 creatures vanquished

Notes
Turn   | Place    | Note
-------+----------+-------------------------------------------
     0 | D:1      | rumpelstilzz the Troll Warper began the quest for the Orb.
     0 | D:1      | Reached XP level 1. HP: 19/19 MP: 2/2
   656 | D:1      | Reached XP level 2. HP: 12/27 MP: 3/3
  1012 | D:2      | Noticed Sigmund
  1012 | D:2      | Noticed Jessica
  1015 | D:2      | Killed Jessica
  1016 | D:2      | Reached XP level 3. HP: 25/35 MP: 4/4
  1016 | D:2      | Killed Sigmund
  1017 | D:2      | Reached skill level 1 in Maces & Flails
  1017 | D:2      | Gained mutation: Your natural rate of healing is unusually
                  | fast. [Troll growth]
  1017 | D:2      | Reached XP level 4. HP: 30/42 MP: 4/6
  1017 | D:2      | Reached XP level 5. HP: 35/49 MP: 4/7
  1703 | D:3      | Found a stormy altar of Qazlal.
  1737 | D:3      | Became a worshipper of Qazlal Stormbringer
  1767 | D:3      | Reached skill level 2 in Maces & Flails
  1937 | D:3      | Reached XP level 6. HP: 57/57 MP: 8/8
  2115 | D:3      | Found a runed translucent gate.
  2115 | D:3      | Found a runed translucent gate.
  2115 | D:3      | Found a runed translucent gate.
  2115 | D:3      | Noticed rumpelstilzz's ghost (amateur TrWr)
  2338 | D:3      | Reached * piety under Qazlal
  2376 | D:3      | Reached skill level 3 in Maces & Flails
  2615 | D:4      | Found a white marble altar of Elyvilon.
  2651 | D:4      | Found Laseos's Magic Scroll Shop.
  2775 | D:4      | Reached XP level 7. HP: 66/66 MP: 9/9
  3499 | D:5      | Entered Level 5 of the Dungeon
  3539 | D:5      | Reached skill level 4 in Maces & Flails
  3547 | D:5      | Found Xeotz's Assorted Antiques.
  3553 | D:5      | Bought a ruby ring for 150 gold pieces
  3566 | D:5      | Reached ** piety under Qazlal
  3584 | D:5      | Found a glowing drain.
  3619 | Sewer    | Entered a sewer
  3733 | Sewer    | HP: 3/66 [adder (2)]
  3738 | Sewer    | Slain by a river rat

Skill      XL: |  1  2  3  4  5  6  7 |
---------------+----------------------+-----
Throwing       | 2 |  2.8
Fighting       | 2 |  2.7
Maces & Flails | 1 2 3 4 |  4.5
Dodging        | 2 3 |  3.7
Spellcasting   | 2 |  2.3
Translocations | 3 |  3.2
Stealth        | |  0.5

Action                   |  1- 3 |  4- 6 |  7- 9 || total
-------------------------+-------+-------+-------++-------
Melee: Club              |    35 |   215 |   110 ||   360
       Dagger            |     1 |       |       ||     1
       Mace              |       |    23 |       ||    23
Throw: Large rock        |     4 |     3 |     4 ||    11
  Use: Scroll            |       |    10 |     1 ||    11
       Potion            |       |       |     1 ||     1
  Eat: Chunk             |     4 |    27 |     9 ||    40
Armor: Skin              |    23 |    99 |    53 ||   175
Dodge: Dodged            |    19 |   132 |    87 ||   238
Block: Other             |       |     2 |    16 ||    18
